 Dungeon Crawl Stone Soup version 0.28.0-56-g4927b6849a (webtiles) character file.

Game seed: 15194488513000965158

656 AarnesTheHuman the Cleaver (level 7, 57/57 HPs)
             Began as a Hill Orc Fighter on Feb 6, 2023.
             Was an Initiate of Beogh.
             Got out of the dungeon alive.
             The game lasted 00:05:34 (3559 turns).

AarnesTheHuman the Cleaver (Hill Orc Fighter)       Turns: 3559, Time: 00:05:35

Health: 57/57      AC:  9    Str: 21    XL:     7   Next: 55%
Magic:  7/7        EV:  9    Int: 10    God:    Beogh [......]
Gold:   224        SH:  5    Dex: 10    Spells: 6/6 levels left

rFire   + . .      SeeInvis .   a - +0 war axe
rCold   . . .      Faith    .   c - +0 buckler
rNeg    . . .      Spirit   .   b - +0 scale mail
rPois   .          Reflect  .   (no helmet)
rElec   .          Harm     .   i - +0 cloak
rCorr   .          Rampage  .   l - +0 pair of gloves
Will    .....                   (no boots)
Stlth   ..........              (no amulet)
HPRegen 0.19/turn               (no ring)
MPRegen 0.10/turn               (no ring)

@: no status effects
A: clever 1, fire resistance 1, frail 1
a: Renounce Religion


You escaped.
You worshipped Beogh.
Beogh was noncommittal.
You visited 1 branch of the dungeon, and saw 4 of its levels.

You collected 224 gold pieces.

Inventory:

Hand Weapons
 a - a +0 war axe (weapon)
 e - a +0 dagger
 o - a +4 whip
 p - a +1 whip of flaming
Missiles
 h - 2 throwing nets
 j - 104 stones (quivered)
Armour
 b - a +0 scale mail (worn)
 c - a +0 buckler (worn)
 i - a +0 cloak (worn)
 l - a +0 pair of gloves (worn)
Scrolls
 f - 2 scrolls of teleportation
 g - a scroll of identify {unknown}
 n - a scroll of magic mapping
Potions
 d - a potion of might
 k - a potion of mutation
 m - a potion of curing


   Skills:
 + Level 6.3 Fighting
 - Level 8.0 Axes
 - Level 3.2 Armour
 - Level 5.0 Shields


You had 6 spell levels left.
You didn't know any spells.
Your spell library contained the following spells:

 Spells                   Type           Power      Damage    Failure   Level
 Summon Small Mammal      Summ           0%         N/A       78%         1
 Call Canine Familiar     Summ           0%         N/A       98%         3
 Ozocubu's Armour         Ice            0%         N/A       98%         3
 Summon Guardian Golem    Hex/Summ       0%         N/A       98%         3
 Ozocubu's Refrigeration  Ice            0%         4d5       100%        7


Dungeon Overview and Level Annotations

Branches:
Dungeon (4/15)
 Temple: D:4-7

Altars:
Gozag
Uskayaw

Shops:
D:2 [   D:4 [

Annotations:
D:2 Sigmund


Innate Abilities, Weirdness & Mutations

Your mind is acute. (Int +2)
Your flesh is heat resistant. (rF+)
You are frail. (-10% HP)


Message History

Something hits you but does no damage. You block the orc priest's attack.
Something hits you but does no damage.
You writhe in agony.
* * * LOW HITPOINT WARNING * * *
You closely miss the orc priest.
The orc priest is severely wounded.
You barely miss something.
The orc priest calls down the wrath of Beogh upon you.
Pain shoots through your body!
* * * LOW HITPOINT WARNING * * *
Something hits you but does no damage. You block the orc priest's attack.
You bow before the missionary of Beogh.
Beogh welcomes you!
With a roar of approval, the orcs welcome you as one of their own, and spare your life.
You swap places.
You start resting.
An orc wizard appears from thin air!
Reactivating autopickup.
You start resting.
HP restored.
Saving game... please wait.
Welcome back, AarnesTheHuman the Hill Orc Fighter.
Beogh says: Drown the unbelievers in a sea of blood!
Press ? for a list of commands and other information.
There is an open door, spattered with blood here.
Found 14 gold pieces.
You swap places.
There is a stone staircase leading up here.
You climb upwards.
There is a stone staircase leading down here.
There is a stone staircase leading up here.
You climb upwards.
Level annotation: Sigmund
There is a stone staircase leading down here.
There is a stone staircase leading up here.
You climb upwards.
There is a stone staircase leading down here.
There is an open door here.
There is a staircase leading out of the dungeon here.
Are you sure you want to leave the Dungeon?
This will make you lose the game!
You have escaped!

#...####.#...#
.....###.#...#
......##.#...#
......##.....#
.........######
.....###.##≈≈≈♣##
#...## #.#≈≈≈♣..#
##### #.#♣♣♣..###
#.'......@#
###♣♣♣..###
#≈≈≈♣.># ##≈≈≈♣##
#####


There were no monsters in sight!

Vanquished Creatures
  Menkaure (D:4)
  An ice beast (D:3)
  A necrophage (D:4)
  A black bear (D:4)
  An orc priest (D:4)
  2 hound skeletons (D:4)
  Robin (D:4)
  3 gnolls (D:4)
  A howler monkey skeleton (D:4)
  4 adders
  An adder skeleton (D:4)
  3 worms
  A dart slug (D:1)
  5 orcs (D:4)
  11 ball pythons
  2 bats
  5 endoplasms
  4 giant cockroaches
  14 goblins
  11 hobgoblins
  5 jackals
  9 quokkas
  4 frilled lizards
  5 kobolds
  6 rats
102 creatures vanquished.

Notes
Turn   | Place    | Note
-------+----------+-------------------------------------------
     0 | D:1      | AarnesTheHuman the Hill Orc Fighter began the quest for the
                  | Orb.
     0 | D:1      | Reached XP level 1. HP: 19/19 MP: 1/1
    45 | D:1      | Reached skill level 3 in Axes
    47 | D:1      | Reached XP level 2. HP: 24/26 MP: 2/2
   238 | D:1      | Reached XP level 3. HP: 31/31 MP: 3/3
   576 | D:2      | Found Daigrasi's Armour Emporium.
   611 | D:2      | Reached skill level 4 in Axes
   759 | D:2      | Noticed Sigmund
  1124 | D:2      | Reached XP level 4. HP: 39/39 MP: 4/4
  1297 | D:3      | Noticed an ice beast
  1309 | D:3      | Killed an ice beast
  1310 | D:3      | Reached skill level 5 in Axes
  1310 | D:3      | Reached skill level 5 in Shields
  1310 | D:3      | Reached XP level 5. HP: 14/45 MP: 5/5
  1764 | D:3      | Reached skill level 6 in Axes
  2148 | D:4      | Noticed a black bear
  2161 | D:4      | Killed a black bear
  2162 | D:4      | Reached XP level 6. HP: 47/53 MP: 6/6
  2289 | D:4      | Found an opulent altar of Gozag.
  2289 | D:4      | Found a hide-covered altar of Uskayaw.
  2289 | D:4      | Noticed a necrophage
  2347 | D:4      | Found Zidigits's Antique Armour Boutique.
  2482 | D:4      | Killed a necrophage
  2483 | D:4      | Reached skill level 5 in Fighting
  2483 | D:4      | Reached skill level 7 in Axes
  2483 | D:4      | Reached XP level 7. HP: 23/61 MP: 7/7
  2735 | D:4      | Noticed Robin
  2762 | D:4      | Noticed Menkaure
  2778 | D:4      | Killed Robin
  2785 | D:4      | Gained mutation: Your flesh is heat resistant. (rF+)
                  | [potion of mutation]
  2785 | D:4      | Gained mutation: You are frail. (-10% HP) [potion of
                  | mutation]
  2785 | D:4      | Gained mutation: Your mind is acute. (Int +2) [potion of
                  | mutation]
  2788 | D:4      | Killed Menkaure
  2794 | D:4      | Reached skill level 8 in Axes
  3200 | D:4      | Became a worshipper of Beogh the Brigand
  3559 | D:$      | Got out of the dungeon alive.

Illustrated notes

Levels and vault maps discovered:
D:1:      saegor_arrival_simple_d, layout_rooms, minmay_small_reverse_x
D:2:      layout_basic, serial_shops, nicolae_shop_crystal,
          dreamdust_ecumenical_altar_drowned_temple, minmay_tree_intersection,
          minmay_stone_trees_small, uniq_sigmund, uniq_terence
D:3:      layout_rooms, serial_corexii_hall, corexii_hall_statues_x,
          corexii_hall_statues_deadend
D:4:      black_bear_nest_1, layout_basic, gammafunk_temple_overflow_pools,
          ebering_ghost_sewer_f, serial_shops, shop, uniq_robin, uniq_menkaure,
          uniq_grinder

Skill      XL: |  1  2  3  4  5  6  7 |
---------------+----------------------+-----
Axes           | 3 4 5 6 7 8 |  8.0
Shields        | 4 5 |  5.0
Fighting       | 4 5 6 |  6.3
Armour         | |  3.2

Action                   |  1- 3 |  4- 6 |  7- 9 || total
-------------------------+-------+-------+-------++-------
Melee: War axe           |    93 |   125 |    77 ||   295
Invok: Convert to Beogh  |       |       |     1 ||     1
  Use: Scroll            |     1 |       |     1 ||     2
       Potion            |       |       |     3 ||     3
Armor: Scale mail        |    62 |    75 |    31 ||   168
Dodge: Dodged            |    51 |    69 |    29 ||   149
Block: Buckler           |    30 |    36 |    18 ||    84
